 Dungeon Crawl Stone Soup version 0.18-a0-1171-ga8e22e7 (webtiles) character file.

2694 abixa the Martial Artist (level 9, 45/45 HPs)
             Began as a Vine Stalker Transmuter on Jan 26, 2016.
             Was an Elder of Pakellas.
             Quit the game on level 8 of the Dungeon.
             The game lasted 00:31:02 (5465 turns).

abixa the Martial Artist (Vine Stalker Transmuter)  Turns: 5465, Time: 00:31:02

Health: 45/45      AC:  7    Str: 13    XL:     9   Next: 65%
Magic:  9/14       EV: 11    Int: 16    God:    Pakellas [****..]
Gold:   462        SH:  0    Dex: 15    Spells: 3 memorised, 6 levels left

rFire  . . .     SeeInvis .       - Unarmed
rCold  . . .     Gourm    .     k - +0 ring mail
rNeg   . . .     Faith    .     (no shield)
rPois  +         Spirit   +     (no helmet)
rElec  .         Dismiss  .     g - +0 cloak
rCorr  .         Reflect  .     (no gloves)
SustAt .         Harm     +     m - +0 pair of boots
MR     +....                    w - amulet of harm
Stlth  +.........               (no ring)
                                L - ring of poison resistance

@: somewhat resistant to hostile enchantments, very unstealthy
A: fangs 3, regeneration 2, magic shield, antimagic bite, no device heal 3, rot
immunity
a: Quick Charge, Device Surge, Renounce Religion


You were on level 8 of the Dungeon.
You worshipped Pakellas.
Pakellas was greatly pleased with you.
You were not hungry.

You visited 1 branch of the dungeon, and saw 7 of its levels.
You also visited: Sewer and Ossuary.

You collected 462 gold pieces.

Inventory:

Missiles
 a - 94 arrows
 f - 250 stones (quivered)
 h - 9 poisoned bolts
 n - 17 arrows of flame
 t - 17 sling bullets of frost
 y - 32 bolts
Armour
 g - a +0 cloak (worn)
 k - a +0 ring mail (worn)
 m - a +0 pair of boots (worn)
 r - a +2 chain mail of positive energy
 G - a +0 helmet
Rods
 b - a +4 rod of clouds (11/11)
   (Pakellas gifted it to you in an ossuary)
Jewellery
 w - an amulet of harm (around neck)
 L - a ring of poison resistance (left hand)
Wands
 x - a wand of fireball (5/15)
 P - a wand of confusion (21/48)
Scrolls
 e - 6 scrolls of remove curse
 j - 2 scrolls of enchant armour
 p - 2 scrolls of fear {unknown}
 u - 2 scrolls of blinking
 v - 2 scrolls of amnesia
 A - a scroll of immolation {unknown}
 F - 2 scrolls of teleportation
 J - a scroll of enchant weapon {unknown}
 K - a scroll of fog {unknown}
 M - a scroll of magic mapping
 O - 2 scrolls of noise {unknown}
 R - a scroll of identify
Potions
 i - 3 potions of agility
 o - 8 potions of curing
 s - 2 potions of mutation {unknown}
 z - 3 potions of might
 B - a potion of brilliance {unknown}
 C - 7 potions of heal wounds
 D - 2 potions of haste {unknown}
 E - 2 potions of flight {unknown}
 H - a potion of lignification {unknown}
 I - 2 potions of magic {unknown}
 N - 2 potions of berserk rage {unknown}
Books
 c - a book of Changes

   Spells                             Type                      Level
   a - Beastly Appendage              Transmutation                1
   b - Sticks to Snakes               Transmutation                2
   c - Spider Form                    Transmutation/Poison         3
   d - Ice Form                       Ice/Transmutation            4
   e - Blade Hands                    Transmutation                5
Comestibles
 d - 5 bread rations
 l - a royal jelly
 q - 4 meat rations
 Q - 4 chunks of flesh


   Skills:
 - Level 3.7 Fighting
 - Level 2.0 Armour
 - Level 2.0 Dodging
 - Level 8.4 Unarmed Combat
 - Level 3.0 Spellcasting
 - Level 6.0 Transmutations
 + Level 5.6 Evocations


You had 6 spell levels left.
You knew the following spells:

 Your Spells              Type           Power        Failure   Level  Hunger
a - Beastly Appendage     Trmt           ###...       3%          1    #......
b - Sticks to Snakes      Trmt           ###.....     6%          2    ##.....
c - Blade Hands           Trmt           ###.......   89%         5    ######.


Dungeon Overview and Level Annotations

Branches:
Dungeon (8/15)
 Temple: D:4-7         Lair: D:8-11

Altars:
Fedhas
Gozag
Makhleb
Pakellas
Qazlal

Annotations:
D:4 yogakurto's ghost, novice MfAs
D:5 kak's ghost, novice DDFi


Innate Abilities, Weirdness & Mutations

You have razor-sharp teeth.
You heal very quickly.
When hurt, damage is shared between your health and your magic reserves.
Your bite disrupts and absorbs the magic of your enemies.
Potions and wands cannot restore your health.
You are immune to rotting.


Message History

The hound skeleton bites you but does no damage.
You hit the hound skeleton.
You destroy the hound skeleton!
Pakellas accepts your kill.
No target in view!
Found a stone staircase leading down.
Found a robe.
Found a stone staircase leading up.
An ogre comes into view. It is wielding a giant club.
The ogre shouts!
Okay, then.
Unknown command.
Unknown command.
Unknown command.
Inscribe which item? (? for menu, Esc to quit)
Okay, then.
Inscribe which item? (? for menu, Esc to quit)
Okay, then.
Unknown command.
Are you sure you want to abandon this character and quit the game? (Confirm with "yes".)

#.......... #
#.......... #.
#.......... #.
.......... #.
#<.......# #.
##.O......# #.
#........... #
#..@....[... # ##
#..........# ..#
#. #.>........##
...##.
#...........
#..>. ##........#
###. ##.......#
##. ##......# #
#..
#......###<####.#
#.......##......#


You could see an ogre.

Vanquished Creatures
  Pikel (D:8)
  Psyche (D:8)
  The ghost of yogakurto the Skirmisher, an amateur MiCK of Xom (D:3)
  A phantom (D:3)
  3 slaves (D:8)
  An ogre (D:8)
  2 centaurs (D:8)
  3 big kobolds
  A giant frog (D:8)
  A water moccasin skeleton (D:4)
  3 scorpions
  2 crimson imps
  4 orc priests
  A centaur skeleton (D:4)
  4 hounds
  An iguana (D:8)
  Ijyb (D:2)
  Terence (D:2)
  2 orc wizards
  2 worker ants
  A big kobold zombie (Ossuary)
  2 hound skeletons
  8 mummies (Ossuary)
  Robin (D:4)
  A worker ant zombie (D:8)
  9 adders
  2 river rats (D:4)
  An ooze (Sewer)
  An adder zombie (D:8)
  2 adder skeletons (D:5)
  4 worms
  6 giant geckos
  20 orcs
  11 bats
  6 giant cockroaches
  15 goblins
  14 hobgoblins
  6 jackals
  27 kobolds
  A quokka (D:8)
  3 ball pythons
  6 giant newts
  A hobgoblin zombie (Ossuary)
  3 kobold zombies (Ossuary)
  3 orc zombies (Ossuary)
  A quokka skeleton (D:4)
  6 rats
197 creatures vanquished.

Notes
Turn   | Place    | Note
--------------------------------------------------------------
     0 | D:1      | abixa the Vine Stalker Transmuter began the quest for the Orb.
     0 | D:1      | Reached XP level 1. HP: 9/9 MP: 4/4
    54 | D:1      | Reached XP level 2. HP: 6/14 MP: 3/6
   573 | D:1      | Reached skill level 4 in Unarmed Combat
   855 | D:2      | Reached XP level 3. HP: 17/17 MP: 5/7
   860 | D:2      | Found a stormy altar of Qazlal.
   988 | D:2      | Found a blossoming altar of Fedhas.
   999 | D:2      | Noticed Ijyb
  1010 | D:2      | Killed Ijyb
  1010 | D:2      | Reached XP level 4. HP: 18/21 MP: 8/8
  1053 | D:2      | Reached skill level 5 in Unarmed Combat
  1083 | D:2      | Noticed Terence
  1139 | D:2      | Killed Terence
  1251 | D:2      | Reached XP level 5. HP: 19/25 MP: 7/9
  1800 | D:3      | Learned a level 2 spell: Sticks to Snakes
  1880 | D:3      | Noticed yogakurto's ghost (amateur MiCK)
  1941 | D:3      | Killed yogakurto's ghost
  1941 | D:3      | Reached skill level 6 in Unarmed Combat
  1941 | D:3      | Gained mutation: You heal very quickly. [Vine Stalker growth]
  1941 | D:3      | Reached XP level 6. HP: 29/29 MP: 10/10
  2070 | D:3      | Found an oddly glowing altar of Pakellas.
  2077 | D:3      | Became a worshipper of Pakellas the Inventive
  2312 | D:3      | Learned a level 5 spell: Blade Hands
  2342 | D:3      | Found a burning altar of Makhleb.
  2494 | D:4      | Noticed yogakurto's ghost (novice MfAs)
  2513 | D:4      | Noticed a phantom
  2541 | D:3      | Killed a phantom
  2541 | D:3      | Reached skill level 7 in Unarmed Combat
  2541 | D:3      | Reached XP level 7. HP: 17/32 MP: 11/11
  2712 | D:4      | Found an opulent altar of Gozag.
  2741 | D:4      | Noticed Robin
  2755 | D:4      | Reached * piety under Pakellas
  2759 | D:4      | Reached skill level 1 in Fighting
  2766 | D:4      | Killed Robin
  2952 | D:4      | Found a glowing drain.
  2977 | Sewer    | Entered a sewer
  3020 | Sewer    | Reached ** piety under Pakellas
  3020 | Sewer    | Received a gift from Pakellas
  3232 | Sewer    | Reached skill level 1 in Armour
  3450 | D:4      | Gained mutation: You have razor-sharp teeth. [Vine Stalker growth]
  3450 | D:4      | Reached XP level 8. HP: 18/39 MP: 6/13
  4219 | D:5      | Entered Level 5 of the Dungeon
  4378 | D:5      | Reached skill level 5 in Transmutations
  4384 | D:5      | Reached *** piety under Pakellas
  4409 | D:5      | Noticed kak's ghost (novice DDFi)
  4597 | D:5      | You fall through a shaft for 3 floors!
  4609 | D:8      | Noticed Pikel
  4653 | D:8      | Reached skill level 8 in Unarmed Combat
  4715 | D:8      | Found a sand-covered staircase.
  4723 | Ossuary  | Entered an ossuary
  4844 | Ossuary  | Reached **** piety under Pakellas
  4844 | Ossuary  | Received a gift from Pakellas
  5101 | D:8      | Identified a +4 rod of clouds (11/11) (Pakellas gifted it to you in an ossuary)
  5111 | D:8      | Reached XP level 9. HP: 38/45 MP: 14/14
  5182 | D:8      | Killed Pikel
  5203 | D:8      | Noticed Psyche
  5216 | D:8      | Killed Psyche
  5216 | D:8      | Reached skill level 5 in Evocations
  5364 | D:7      | Noticed a cyclops
  5465 | D:8      | Quit the game

Vault maps used:
D:1:      onia_arrival_pyramid, minivault_25
D:2:      grunt_qazlal_sundering, fedhas_altar_2, uniq_terence, uniq_iyjb
D:3:      makhleb_heckhound_becter, grunt_pakellas_salt, serial_glass,
          glass_columns_c, glass_columns_a, glass_columns_a, glass_columns_c,
          glass_columns_a, glass_columns_b, minmay_strange_pillars
D:4:      wad_crossroads, old_standard_altar, serial_forest,
          infiniplex_forest_lined_4_way, infiniplex_forest_lined_room_2,
          infiniplex_forest_end_2, infiniplex_forest_end_1,
          infiniplex_forest_clump_small, infiniplex_forest_lined_room_,
          gup_sewer_entry_bubbles, uniq_robin
D:5:      grunt_temple_overflow_diamond, first_bread
D:7:      minmay_temple_entry_statues_pillars, basic_altar, grunt_ministairs_8
D:8:      lightli_ossuary_entry_decrepit_ruins, uniq_psyche, uniq_pikel
Sewer:    kennysheep_pipe_town
Ossuary:  ossuary_tomb_3

Action                   |  1- 3 |  4- 6 |  7- 9 || total
-------------------------+-------+-------+-------++-------
Melee: Unarmed           |    76 |   185 |   358 ||   619
Throw: Stone             |    14 |     7 |    16 ||    37
 Cast: Beastly Appendage |    15 |    16 |    27 ||    58
Evoke: Rod               |       |       |     2 ||     2
       Wand              |       |       |     1 ||     1
  Use: Scroll            |       |       |    13 ||    13
 Stab: Confused          |       |       |     3 ||     3
  Eat: Chunk             |       |     7 |    11 ||    18
